 Dungeon Crawl Stone Soup version 0.29-a0-284-gf9362112df (webtiles) character file.

Game seed: 7234178051643924217

72648 jisko22 the Prestidigitator (level 15, -7/117 HPs)
             Began as a Gnoll Wanderer on Mar 29, 2022.
             Was the Champion of Lugonu.
             Mangled by a catoblepas (11 damage)
             ... while petrified by a catoblepas
             ... on level 12 of the Dungeon on Mar 30, 2022.
             The game lasted 02:29:03 (33758 turns).

jisko22 the Prestidigitator (Gnoll Wanderer)       Turns: 33758, Time: 02:29:03

Health: -7/117     AC: 14    Str: 16    XL:     15   Next: 40%
Magic:  29/29      EV:  2    Int: 15    God:    Lugonu [******]
Gold:   1724       SH:  0    Dex: 15    Spells: 15/35 levels left

rFire   x . .      SeeInvis +   F - +12 pair of quick blades "Gyre" and "Gimble" {protect}
rCold   + + .      Faith    .   (shield currently unavailable)
rNeg    + + +      Spirit   .   B - +0 steam dragon scales
rPois   ∞          Reflect  +   E - +1 helmet
rElec   .          Harm     .   w - +2 cloak {rCorr}
rCorr   +          Rampage  .   m - +0 pair of gloves
Will    +....                   (no boots)
Stlth   ++++......              e - amulet of reflection
HPRegen 0.29/turn               I - ring "Maph" {rC+ Dex+4 SInv}
MPRegen 0.21/turn               v - ring of ice

@: petrified
A: fangs 1, strong nose, distributed training
a: Renounce Religion, Depart the Abyss, Bend Space, Banish, Corrupt, Enter the
Abyss, Brand Weapon With Distortion


You were on level 12 of the Dungeon.
You worshipped Lugonu.
Lugonu was exalted by your worship.
You visited 3 branches of the dungeon, and saw 21 of its levels.
You also visited: Gauntlet and Ice Cave.

You collected 2487 gold pieces.
You spent 763 gold pieces at shops.

Inventory:

Hand Weapons
 a - the +9 war axe "Pendulum" {speed, rN+ Will+}
   (You found it on level 7 of the Dungeon)

   Attacks with this weapon are significantly faster.
   rN:        It protects you from negative energy.
   Will:      It increases your willpower.
 b - the +6 hand crossbow of Nuenuw {penet, Int+7}
   (You found it on level 9 of the Dungeon)

   Any ammunition fired by it passes through the targets it hits, potentially
   hitting all targets in its path until it reaches maximum range.
   Int:       It affects your intelligence (+7).
 F - the +12 pair of quick blades "Gyre" and "Gimble" (weapon) {protect}
   (You found it on level 11 of the Dungeon)

   It grants its wielder temporary protection when it strikes (+7 to AC).
 P - the +5 long sword "Mylaeq" {freeze, Int+6}
   (You found it on level 4 of the Lair of Beasts)

   It freezes those it strikes, dealing additional cold damage.
   It can also slow down cold-blooded creatures.
   Int:       It affects your intelligence (+6).
Missiles
 c - 509 stones
 u - 10 boomerangs
 z - 2 throwing nets
 H - 30 poisoned darts (quivered)
Armour
 m - a +0 pair of gloves (worn)
 o - +0 fire dragon scales
 s - a scarf of harm
 w - a +2 cloak of preservation (worn)
 B - +0 steam dragon scales (worn)
 E - a +1 helmet (worn)
 L - a +0 kite shield
Jewellery
 d - a ring of fire
 e - an amulet of reflection (around neck)
 i - an amulet of regeneration
 r - a ring of wizardry
 v - a ring of ice (right hand)
 y - a ring of resist corrosion
 G - a ring of protection from fire
 I - the ring "Maph" (left hand) {rC+ Dex+4 SInv}
   (You found it on level 4 of the Dungeon)

   [ring of protection from cold]

   Dex:       It affects your dexterity (+4).
   rC:        It protects you from cold.
   SInv:      It lets you see invisible.
 N - a ring of magical power
 O - a ring of poison resistance
 V - a ring of flight
 W - a +4 ring of evasion
Wands
 k - a wand of iceblast (4)
 D - a wand of mindburst (8)
 J - a wand of paralysis (10)
 S - a wand of polymorph (4)
 T - a wand of digging (5)
 U - a wand of flame (2)
 X - a wand of charming (2)
Scrolls
 j - 3 scrolls of fog
 p - a scroll of blinking
 t - 2 scrolls of enchant weapon
 A - 7 scrolls of teleportation
 K - 6 scrolls of identify
 M - a scroll of holy word
 R - a scroll of fear
 Y - a scroll of brand weapon
Potions
 f - 3 potions of brilliance
 g - 4 potions of lignification
 h - 9 potions of ambrosia
 l - a potion of heal wounds
 n - 3 potions of might
 q - 6 potions of curing
 x - 2 potions of mutation
 C - 5 potions of invisibility
 Q - 2 potions of attraction
 Z - a potion of haste


   Skills:
 + Level 10.4 Fighting
 + Level 10.1 Short Blades
 + Level 10.1 Long Blades
 + Level 10.1 Axes
 + Level 10.1 Maces & Flails
 + Level 10.1 Polearms
 + Level 10.1 Staves
 + Level 10.1 Slings
 + Level 10.1 Bows
 + Level 10.1 Crossbows
 + Level 10.1 Throwing
 + Level 10.4 Armour
 + Level 10.4 Dodging
 + Level 10.1 Stealth
 + Level 10.1 Shields
 + Level 10.1 Unarmed Combat
 + Level 10.5 Spellcasting
 + Level 8.4 Conjurations
 + Level 8.4 Hexes
 + Level 8.4 Summonings
 + Level 8.4 Necromancy
 + Level 8.7 Translocations
 + Level 8.4 Transmutations
 + Level 8.4 Fire Magic
 + Level 8.4 Ice Magic
 + Level 8.4 Air Magic
 + Level 10.1 Earth Magic
 + Level 8.4 Poison Magic
 + Level 11.0 Invocations
 + Level 11.1 Evocations


You had 15 spell levels left.
You knew the following spells:

 Your Spells              Type           Power      Damage    Failure   Level
a - Sandblast             Erth           76%        2d16      1%          1
b - Stone Arrow           Conj/Erth      70%        3d11      1%          3
c - Freezing Cloud        Conj/Ice/Air   24%        6-21      8%          5
d - Petrify               Tmut/Erth      35%        N/A       1%          4
e - Lesser Beckoning      Tloc           34%        N/A       1%          3
f - Apportation           Tloc           68%        N/A       1%          1
g - Summon Guardian Gole  Hex/Summ       33%        N/A       1%          3

Your spell library contained the following spells:

 Spells                   Type           Power      Damage    Failure   Level
 Animate Skeleton         Necr           66%        N/A       1%          1
 Summon Small Mammal      Summ           100%       N/A       1%          1
 Corpse Rot               Necr/Air       66%        N/A       1%          2
 Poisonous Vapours        Pois/Air       66%        N/A       1%          2
 Call Canine Familiar     Summ           33%        N/A       1%          3
 Conjure Flame            Conj/Fire      33%        6-21      1%          3
 Ignite Poison            Fire/Tmut/Pois 33%        N/A       1%          3
 Portal Projectile        Hex/Tloc       66%        N/A       1%          3
 Dispel Undead            Necr           33%        3d14      2%          4
 Sticky Flame             Conj/Fire      33%        2d5       2%          4
 Blade Hands              Tmut           16%        N/A       8%          5
 Excruciating Wounds      Necr           16%        N/A       8%          5
 Death Channel            Necr           16%        N/A       41%         6
 Simulacrum               Ice/Necr       24%        N/A       41%         6
 Enfeeble                 Hex            16%        N/A       94%         7
 Discord                  Hex            16%        N/A       100%        8
 Polar Vortex             Ice            24%        N/A       100%        9


Dungeon Overview and Level Annotations

Branches:
Dungeon (13/15)            Temple (0/1) D:4            Lair (6/6) D:10
  Swamp (0/4) Lair:3        Snake (0/4) Lair:4        Slime (0/5) Lair:5
    Orc (2/2) D:9             Elf (0/3) Orc:2         IceCv (visited)
Gauntlet (visited)
 Vaults: D:13-14

Altars:
Cheibriados
Gozag
Nemelex Xobeh
Ru
Vehumet
Zin
Beogh
Jiyva
Lugonu

Shops:
D:6 (   D:9 *   Orc:2 ?!*?(

Portals:
Trove: D:10 (give 2 scrolls of acquirement)

Annotations:
D:2 1 runed translucent door, Crazy Yiuf, Sigmund
D:7 2 exclusions, Joseph
Lair:3 1 exclusion
Orc:2 Book of scorch high level fire spells
Abyss:1 Nergalle


Innate Abilities, Weirdness & Mutations

You have very sharp teeth.
Your uncanny sense of smell can sniff out nearby items.
Your experience applies equally to all skills.


Message History

You puncture the catoblepas!
You hit the catoblepas but do no damage. x2
The catoblepas gores you!!
* * * LOW HITPOINT WARNING * * *
You feel much better.
The catoblepas breathes a plume of calcifying dust at you.
The blast of calcifying dust hits you but does no damage.
You hit the catoblepas but do no damage.
You bite the catoblepas, but do no damage.
You puncture the catoblepas!
You are engulfed in calcifying dust.
You are slowing down.
The catoblepas breathes a plume of calcifying dust at you.
The blast of calcifying dust hits you but does no damage.
The catoblepas breathes a plume of calcifying dust at you.
The blast of calcifying dust hits you but does no damage.
Your limbs are stiffening.
The catoblepas attacks as you move away!
You block the catoblepas's attack.
The catoblepas breathes a plume of calcifying dust at you.
The blast of calcifying dust hits you but does no damage.
You have turned to stone.
You are engulfed in calcifying dust. x2
The catoblepas gores you.
* * * LOW HITPOINT WARNING * * *
You are engulfed in calcifying dust.
The catoblepas breathes a plume of calcifying dust at you.
The blast of calcifying dust hits you.
You are engulfed in calcifying dust.
The catoblepas gores you!!
* * * LOW HITPOINT WARNING * * *
You are engulfed in calcifying dust.
The catoblepas breathes a plume of calcifying dust at you.
The blast of calcifying dust hits you. The catoblepas gores you.
* * * LOW HITPOINT WARNING * * *
The catoblepas breathes a plume of calcifying dust at you.
The blast of calcifying dust hits you but does no damage.
You are engulfed in calcifying dust.
The catoblepas gores you!!
* * * LOW HITPOINT WARNING * * *
You are engulfed in calcifying dust.
The catoblepas gores you!!
You die...

....##......###.....#
.....#..............#
...#........####....##
.....#......# ####..##
..........### ##..#
...#........#### ###.#####
...............####...#...##
.##......##.##.>##.........##
###......##.###Y@§.§∩.......#
#........##..####...........#
#.#####..###.####...........#
..# ##........##.........##
### #.#.#..........#...## #
#.^.............#### ##
##....).........# .#
##......(........#
.######..#............##


You could see a catoblepas.

Vanquished Creatures
  3 slime creatures (D:12)
  Snorg (D:10)
  5 boulder beetles
  3 catoblepae
  4 hydras
  3 two-headed ogres
  A tengu warrior (D:12)
  3 lindwurms (Lair:6)
  2 bog bodies (Lair:3)
  8 orc knights (Orc:2)
  2 orc sorcerers (Orc:1)
  An ugly thing (D:12)
  2 ice statues (IceCv)
  3 manticores
  12 elephants
  2 cyclopes
  6 black mambas
  11 cane toads
  A gargoyle (D:10)
  9 torpor snails
  4 unseen horrors (D:12)
  6 rime drakes
  8 komodo dragons
  A queen bee (Lair:6)
  4 trolls
  3 meliai (Lair:6)
  3 tyrant leeches (Lair:6)
  Grinder (D:5)
  6 hornets
  A polar bear (Lair:1)
  4 dream sheep (Lair:6)
  12 blink frogs
  2 vampires (D:12)
  2 wraiths (D:11)
  2 shadows (D:11)
  10 wyverns
  A steam dragon (D:7)
  39 yaks
  3 basilisks
  3 vampire mosquitoes (D:12)
  2 nagas (Lair:4)
  7 wargs
  17 water moccasins
  7 acid dragons
  A swamp drake (D:9)
  2 ice beasts
  5 black bears
  37 orc warriors
  2 sky beasts
  7 ogres
  A wolf (D:8)
  6 centaurs
  3 phantoms
  3 kobold brigands
  11 bullfrogs
  7 wights
  3 scorpions
  32 killer bees
  4 lindwurm simulacra (IceCv)
  3 howler monkeys
  7 komodo dragon simulacra (IceCv)
  A wyvern simulacrum (D:8)
  3 gnoll shamans
  A jelly (D:7)
  3 iguanas
  16 orc priests
  4 hell rats (Lair:6)
  14 orc wizards
  15 gnolls
  7 acid dragon simulacra (IceCv)
  9 adders
  3 river rats (D:5)
  2 shadow imps
  6 white imps
  4 ufetubi
  3 steam dragon simulacra (IceCv)
  4 worms
  A dart slug (D:4)
  85 orcs
  13 bats
  7 endoplasms
  4 giant cockroaches
  3 goblins
  8 hobgoblins
  3 quokkas
  7 ball pythons
  7 frilled lizards
  18 kobolds
  3 rats
618 creatures vanquished.

Vanquished Creatures (others)
  A yak (Lair:6)
  2 killer bees (Lair:6)
  2 orcs (D:4)
  40 fungi
  48 plants
93 creatures vanquished.

Grand Total: 711 creatures vanquished

Notes
Turn   | Place    | Note
-------+----------+-------------------------------------------
     0 | D:1      | jisko22 the Gnoll Wanderer began the quest for the Orb.
     0 | D:1      | jisko22 set off with the following items: a +0 club, a
                  | scroll of fear, 30 stones, a +0 ring mail; and the
                  | following spells available to memorise: Sandblast,
                  | Apportation, Stone Arrow, Lesser Beckoning, Petrify
     0 | D:1      | Reached XP level 1. HP: 17/17 MP: 4/4
     2 | D:1      | Learned a level 1 spell: Sandblast
   174 | D:1      | Reached XP level 2. HP: 21/23 MP: 3/5
   987 | D:1      | Reached XP level 3. HP: 25/28 MP: 5/7
  1246 | D:1      | Found a faded altar of an unknown god.
  1379 | D:1      | Prayed at the altar of an unknown god.
  1379 | D:1      | Became a worshipper of Lugonu the Unformed
  1379 | D:1      | Reached * piety under Lugonu
  1379 | D:1      | Reached ** piety under Lugonu
  1548 | D:2      | Noticed Sigmund
  1696 | D:1      | Reached skill level 1 in Invocations
  1969 | D:2      | Reached skill level 1 in Short Blades
  1969 | D:2      | Reached skill level 1 in Long Blades
  1969 | D:2      | Reached skill level 1 in Axes
  1969 | D:2      | Reached skill level 1 in Maces & Flails
  1969 | D:2      | Reached skill level 1 in Polearms
  1969 | D:2      | Reached skill level 1 in Staves
  1969 | D:2      | Reached skill level 1 in Slings
  1969 | D:2      | Reached skill level 1 in Bows
  1969 | D:2      | Reached skill level 1 in Crossbows
  1969 | D:2      | Reached skill level 1 in Throwing
  1969 | D:2      | Reached skill level 1 in Stealth
  1969 | D:2      | Reached skill level 1 in Shields
  1969 | D:2      | Reached skill level 1 in Unarmed Combat
  1969 | D:2      | Reached XP level 4. HP: 22/34 MP: 3/8
  2207 | D:2      | Learned a level 1 spell: Apportation
  2215 | D:2      | Found a runed translucent door.
  2216 | D:2      | Noticed Crazy Yiuf
  2515 | D:3      | Learned a level 3 spell: Stone Arrow
  2567 | D:3      | Found a radiant altar of Vehumet.
  2635 | D:3      | Reached skill level 1 in Conjurations
  2635 | D:3      | Reached skill level 1 in Hexes
  2635 | D:3      | Reached skill level 1 in Summonings
  2635 | D:3      | Reached skill level 1 in Necromancy
  2635 | D:3      | Reached skill level 1 in Transmutations
  2635 | D:3      | Reached skill level 1 in Fire Magic
  2635 | D:3      | Reached skill level 1 in Ice Magic
  2635 | D:3      | Reached skill level 1 in Air Magic
  2635 | D:3      | Reached skill level 1 in Poison Magic
  3408 | D:4      | Noticed a phantom
  3429 | D:4      | Noticed a scorpion
  3448 | D:3      | Killed a scorpion
  3449 | D:3      | Reached XP level 5. HP: 17/41 MP: 3/9
  4694 | D:4      | Reached *** piety under Lugonu
  4738 | D:4      | Reached XP level 6. HP: 15/47 MP: 7/10
  5403 | D:4      | Reached skill level 5 in Evocations
  5464 | D:4      | Noticed a black bear
  5470 | D:4      | Found a staircase to the Ecumenical Temple.
  5565 | D:5      | Entered Level 5 of the Dungeon
  5576 | D:5      | Noticed an ice beast
  5615 | D:4      | Killed a black bear
  5616 | D:4      | Reached XP level 7. HP: 39/52 MP: 2/12
  5995 | D:4      | Identified the ring "Maph" {rC+ Dex+4 SInv}
  6803 | D:5      | Found a glowing silver altar of Zin.
  6895 | D:5      | Reached XP level 8. HP: 32/60 MP: 10/14
  7029 | D:5      | Noticed Grinder
  7031 | D:5      | Paralysed by Grinder for 5 turns
  7065 | D:5      | Killed Grinder
  8715 | D:6      | Found Nydisui's Weapon Shoppe.
  8723 | D:6      | Bought a +1 trident of venom for 145 gold pieces
  9066 | D:6      | Found an opulent altar of Gozag.
  9105 | D:6      | Reached XP level 9. HP: 66/66 MP: 12/16
  9657 | D:7      | Noticed a deep elf zephyrmancer
  9811 | D:7      | Noticed Joseph
  9861 | D:7      | Reached skill level 5 in Spellcasting
 10226 | D:7      | Reached **** piety under Lugonu
 10554 | D:7      | Identified the +9 war axe "Pendulum" {speed, rN+ Will+}
 10575 | D:7      | Reached skill level 5 in Fighting
 10575 | D:7      | Reached skill level 5 in Armour
 10575 | D:7      | Reached skill level 5 in Dodging
 11357 | D:8      | Reached skill level 5 in Invocations
 11382 | D:8      | Noticed a cyclops
 11387 | D:8      | Killed a cyclops
 11388 | D:8      | Reached XP level 10. HP: 74/74 MP: 14/18
 11644 | D:8      | Reached skill level 5 in Short Blades
 11644 | D:8      | Reached skill level 5 in Long Blades
 11644 | D:8      | Reached skill level 5 in Axes
 11644 | D:8      | Reached skill level 5 in Maces & Flails
 11644 | D:8      | Reached skill level 5 in Polearms
 11644 | D:8      | Reached skill level 5 in Staves
 11644 | D:8      | Reached skill level 5 in Slings
 11644 | D:8      | Reached skill level 5 in Bows
 11644 | D:8      | Reached skill level 5 in Crossbows
 11644 | D:8      | Reached skill level 5 in Throwing
 11644 | D:8      | Reached skill level 5 in Stealth
 11644 | D:8      | Reached skill level 5 in Shields
 11644 | D:8      | Reached skill level 5 in Unarmed Combat
 12203 | D:9      | Found Racvirghy's Retail Resort.
 12524 | D:9      | Reached skill level 5 in Translocations
 12654 | D:9      | Reached ***** piety under Lugonu
 13202 | D:9      | Reached XP level 11. HP: 67/83 MP: 20/20
 13444 | D:9      | Identified the +6 hand crossbow of Nuenuw {penet, Int+7}
 13993 | D:9      | Reached skill level 5 in Conjurations
 13993 | D:9      | Reached skill level 5 in Hexes
 13993 | D:9      | Reached skill level 5 in Summonings
 13993 | D:9      | Reached skill level 5 in Necromancy
 13993 | D:9      | Reached skill level 5 in Transmutations
 13993 | D:9      | Reached skill level 5 in Fire Magic
 13993 | D:9      | Reached skill level 5 in Ice Magic
 13993 | D:9      | Reached skill level 5 in Air Magic
 13993 | D:9      | Reached skill level 5 in Poison Magic
 14001 | D:9      | Found a staircase to the Orcish Mines.
 14537 | D:10     | Entered Level 10 of the Dungeon
 14537 | D:10     | Noticed Snorg
 14610 | D:10     | Found a staircase to the Lair.
 14676 | D:10     | Found a large runed translucent door.
 14677 | D:10     | Found a large runed translucent door.
 14719 | D:10     | Killed Snorg
 15800 | D:10     | Found a portal to a secret trove of treasure.
 15928 | Lair:1   | Entered Level 1 of the Lair of Beasts
 16913 | Lair:1   | Noticed a six-headed hydra
 16926 | Lair:1   | Killed an 11-headed hydra
 17051 | Lair:1   | Reached XP level 12. HP: 50/91 MP: 23/23
 17999 | Lair:2   | Noticed a boulder beetle
 18106 | Lair:3   | Noticed a five-headed hydra
 18126 | Lair:3   | Killed a 17-headed hydra
 18619 | Lair:3   | Noticed a six-headed hydra
 18669 | Lair:3   | Found a staircase to the Swamp.
 19108 | Lair:3   | Noticed Nergalle
 19110 | Lair:3   | Banished Nergalle
 19267 | Lair:3   | Noticed an eight-headed hydra
 19340 | Lair:3   | Banished an eight-headed hydra
 19948 | Lair:4   | Noticed a five-headed hydra
 19950 | Lair:4   | Banished a five-headed hydra
 20016 | Lair:4   | Found a snail-covered altar of Cheibriados.
 20043 | Lair:4   | Reached XP level 13. HP: 61/98 MP: 25/25
 20589 | Lair:4   | Identified the +5 long sword "Mylaeq" {freeze, Int+6}
 20780 | Lair:4   | Found a staircase to the Snake Pit.
 21125 | Lair:3   | Learned a level 3 spell: Lesser Beckoning
 21129 | Lair:3   | Learned a level 3 spell: Summon Guardian Golem
 21134 | Lair:3   | Learned a level 4 spell: Petrify
 22044 | Lair:5   | Found a viscous altar of Jiyva.
 22044 | Lair:5   | Found a staircase to the Slime Pits.
 22519 | Lair:6   | Entered Level 6 of the Lair of Beasts
 22519 | Lair:6   | Found a frozen archway.
 22526 | IceCv    | Entered an ice cave
 23490 | IceCv    | Noticed an ice dragon
 23512 | IceCv    | Banished an ice dragon
 24450 | Lair:6   | Reached ****** piety under Lugonu
 24715 | Lair:6   | Reached skill level 10 in Evocations
 24720 | Lair:6   | Reached XP level 14. HP: 97/108 MP: 18/27
 25488 | Lair:6   | Found a runed translucent door.
 25543 | Lair:6   | Paralysed by a hornet for 2 turns
 25573 | Lair:6   | Paralysed by a hornet for 1 turns
 26060 | Lair:6   | Reached skill level 10 in Invocations
 27313 | Lair:6   | Got Sif Muna's Tome of Supportive Curses
 28124 | D:10     | Found a sacrificial altar of Ru.
 28164 | D:10     | Found a sparkling altar of Nemelex Xobeh.
 28250 | Orc:1    | Entered Level 1 of the Orcish Mines
 28541 | Orc:1    | Paralysed by an orc sorcerer for 2 turns
 29534 | Orc:2    | Entered Level 2 of the Orcish Mines
 29534 | Orc:2    | Found Piteziu's Weapon Boutique.
 30068 | Orc:2    | Reached skill level 10 in Spellcasting
 30077 | Orc:2    | Found a staircase to the Elven Halls.
 30692 | Orc:2    | Learned a level 5 spell: Freezing Cloud
 30882 | Orc:2    | Reached skill level 10 in Fighting
 30882 | Orc:2    | Reached skill level 10 in Armour
 30882 | Orc:2    | Reached skill level 10 in Dodging
 31164 | Orc:2    | Found Saammeuc's Magic Scroll Emporium.
 31164 | Orc:2    | Found Kywaloit's General Store.
 31169 | Orc:2    | Bought a scroll of identify for 30 gold pieces
 31169 | Orc:2    | Bought a scroll of teleportation for 45 gold pieces
 31169 | Orc:2    | Bought a scroll of identify for 30 gold pieces
 31169 | Orc:2    | Bought a scroll of teleportation for 45 gold pieces
 31312 | Orc:2    | Reached XP level 15. HP: 72/115 MP: 11/29
 31450 | Orc:2    | Found Dusuamuq's Distillery.
 31450 | Orc:2    | Found Angy Lois's Magic Scroll Boutique.
 31484 | Orc:2    | Bought a potion of mutation for 128 gold pieces
 31484 | Orc:2    | Bought 2 potions of curing for 96 gold pieces
 31484 | Orc:2    | Bought a potion of haste for 160 gold pieces
 31494 | Orc:2    | Bought a scroll of teleportation for 39 gold pieces
 31494 | Orc:2    | Bought a scroll of magic mapping for 45 gold pieces
 32174 | D:11     | Found the +12 pair of quick blades "Gyre" and "Gimble"
                  | {protect}
 32795 | D:12     | Reached skill level 10 in Earth Magic
 32824 | D:12     | Found a gate leading to a gauntlet.
 32856 | Gauntlet | Entered a Gauntlet
 32856 | Gauntlet | Found a transporter.
 32870 | Gauntlet | Found a transporter.
 32870 | Gauntlet | Found a transporter.
 32871 | Gauntlet | Found a transporter.
 32880 | Gauntlet | Found a transporter.
 32882 | Gauntlet | Found a transporter.
 32883 | Gauntlet | Found a transporter.
 32892 | Gauntlet | Found a transporter.
 32894 | Gauntlet | Found a transporter.
 32895 | Gauntlet | Found a transporter.
 32903 | Gauntlet | Found a transporter.
 32906 | Gauntlet | Found a transporter.
 32907 | Gauntlet | Found a transporter.
 32911 | Gauntlet | Found a runed translucent door.
 32913 | Gauntlet | Found a runed translucent door.
 32915 | Gauntlet | Found a transporter.
 33074 | D:12     | Reached skill level 10 in Short Blades
 33074 | D:12     | Reached skill level 10 in Long Blades
 33074 | D:12     | Reached skill level 10 in Axes
 33074 | D:12     | Reached skill level 10 in Maces & Flails
 33074 | D:12     | Reached skill level 10 in Polearms
 33074 | D:12     | Reached skill level 10 in Staves
 33074 | D:12     | Reached skill level 10 in Slings
 33074 | D:12     | Reached skill level 10 in Bows
 33074 | D:12     | Reached skill level 10 in Crossbows
 33074 | D:12     | Reached skill level 10 in Throwing
 33074 | D:12     | Reached skill level 10 in Stealth
 33074 | D:12     | Reached skill level 10 in Shields
 33074 | D:12     | Reached skill level 10 in Unarmed Combat
 33757 | D:12     | HP: 4/117 [catoblepas (13)]
 33758 | D:12     | Mangled by a catoblepas

Illustrated notes

Levels and vault maps discovered:
D:1:      lightli_molten_gateway, layout_basic,
          dreamdust_ecumenical_altar_angels_and_demons, st_stairs_6
D:2:      layout_loops_cross, uniq_crazy_yiuf_cottage, uniq_sigmund
D:3:      layout_rooms, vehumet_crystals
D:4:      layout_basic, minmay_temple_entry_water_ring
D:5:      layout_layer_cave, lemuel_crystal_altar, lightli_sewer_entry_pipes,
          nicolae_ossuary_entry_false_entrances, uniq_grinder
D:6:      layout_gridville, mainiacjoe_overflow_tiny_flanked, serial_shops, shop
D:7:      hellmonk_warped_wall, layout_gridville, guppyfry_early_elven_hall,
          uniq_joseph
D:8:      layout_rooms, serial_ice, serial_ice_d, serial_ice_k, serial_ice_n,
          serial_ice_o
D:9:      minmay_angry_zag, layout_stronghold, erik_orc_1,
          minmay_misc_feat_alley, nicolae_alphabet_shops, st_stairs_2,
          serial_bayou_pond_c
D:10:     layout_long_grid, jmf_multi_god_temple2, lair_entry_dummy,
          enter_trove_3, uniq_snorg
D:11:     layout_loops_ring
D:12:     layout_rooms, gauntlet_entry_generic, hangedman_batty
D:13:     layout_big_octagon, nicolae_rejected_hall
Lair:1:   layout_gridlike
Lair:2:   layout_small_grid
Lair:3:   layout_roguey, skrybe_swamp_entry_bodies,
          chequers_serial_rivers_small_b, grunt_megastairs_2, uniq_nergalle
Lair:4:   layout_small_grid, guppyfry_snake_entry_island, minivault_19,
          kennysheep_snail_temple
Lair:5:   layout_roguey, dpeg_slime_entry_enclosed_altar, minivault_27
Lair:6:   wormcave, layout_cellular_growth, hangedman_lair_in_review,
          portal_ice_cave_entry_pillars_1, special_room [special_room_bee]
Orc:1:    layout_diamond_mine
Orc:2:    st_orc_town, layout_caves, serial_shops, nicolae_shop_statue_plus,
          basic_altar

Skill      XL: |  1  2  3  4  5  6  7  8  9 10 11 12 13 14 15 |
---------------+----------------------------------------------+-----
Translocations | 2 3 4 5 6 7 8 |  8.7
Invocations    | 1 2 3 4 5 6 7 8 9 10 11 | 11.0
Short Blades   | 1 2 3 4 5 6 7 8 9 10 | 10.1
Long Blades    | 1 2 3 4 5 6 7 8 9 10 | 10.1
Axes           | 1 2 3 4 5 6 7 8 9 10 | 10.1
Maces & Flails | 1 2 3 4 5 6 7 8 9 10 | 10.1
Polearms       | 1 2 3 4 5 6 7 8 9 10 | 10.1
Staves         | 1 2 3 4 5 6 7 8 9 10 | 10.1
Slings         | 1 2 3 4 5 6 7 8 9 10 | 10.1
Bows           | 1 2 3 4 5 6 7 8 9 10 | 10.1
Crossbows      | 1 2 3 4 5 6 7 8 9 10 | 10.1
Throwing       | 1 2 3 4 5 6 7 8 9 10 | 10.1
Stealth        | 1 2 3 4 5 6 7 8 9 10 | 10.1
Shields        | 1 2 3 4 5 6 7 8 9 10 | 10.1
Unarmed Combat | 1 2 3 4 5 6 7 8 9 10 | 10.1
Spellcasting   | 3 4 5 6 7 8 9 10 | 10.5
Conjurations   | 1 2 3 4 5 6 7 8 |  8.4
Hexes          | 1 2 3 4 5 6 7 8 |  8.4
Summonings     | 1 2 3 4 5 6 7 8 |  8.4
Necromancy     | 1 2 3 4 5 6 7 8 |  8.4
Transmutations | 1 2 3 4 5 6 7 8 |  8.4
Fire Magic     | 1 2 3 4 5 6 7 8 |  8.4
Ice Magic      | 1 2 3 4 5 6 7 8 |  8.4
Air Magic      | 1 2 3 4 5 6 7 8 |  8.4
Poison Magic   | 1 2 3 4 5 6 7 8 |  8.4
Fighting       | 3 4 5 6 7 8 9 10 | 10.4
Armour         | 3 4 5 6 7 8 9 10 | 10.4
Dodging        | 3 4 5 6 7 8 9 10 | 10.4
Evocations     | 5 6 7 8 9 10 11 | 11.1
Earth Magic    | 6 7 8 9 10 | 10.1

Action                   |  1- 3 |  4- 6 |  7- 9 | 10-12 | 13-15 || total
-------------------------+-------+-------+-------+-------+-------++-------
Melee: Club              |    30 |       |       |       |       ||    30
       Bite              |     6 |    13 |    26 |    77 |   190 ||   312
       Dagger            |    49 |   111 |   138 |       |       ||   298
       Punch             |     1 |     1 |     6 |    21 |       ||    29
       Trident           |       |       |    58 |       |       ||    58
       War axe           |       |       |    41 |   521 |   997 ||  1559
       Pair of quick bla |       |       |       |       |   119 ||   119
 Fire: Hand crossbow     |       |       |       |    29 |    27 ||    56
Throw: Stone             |       |     5 |     2 |       |       ||     7
       Boomerang         |       |       |     4 |    13 |    35 ||    52
       Dart              |       |       |       |       |    56 ||    56
 Cast: Sandblast         |    25 |    43 |    47 |     1 |       ||   116
       Stone Arrow       |       |       |    15 |    17 |    80 ||   112
       Summon Guardian G |       |       |       |       |     8 ||     8
       Freezing Cloud    |       |       |       |       |    11 ||    11
       Petrify           |       |       |       |       |     2 ||     2
       Lesser Beckoning  |       |       |       |       |     1 ||     1
Invok: Bend Space        |       |     6 |     1 |     1 |     1 ||     9
       Banish            |       |       |       |     4 |    11 ||    15
Evoke: Wand              |       |     3 |     6 |    25 |    16 ||    50
  Use: Scroll            |       |     6 |     6 |     6 |     5 ||    23
       Potion            |       |     2 |     7 |     1 |     3 ||    13
 Stab: Sleeping          |       |       |     1 |     7 |    17 ||    25
       Paralysed         |       |       |       |    17 |       ||    17
       Petrified         |       |       |       |       |     8 ||     8
       Distracted        |       |       |       |       |     1 ||     1
       Petrifying        |       |       |       |       |     1 ||     1
Armor: Ring mail         |    26 |    45 |    47 |       |       ||   118
       Steam dragon scal |       |       |    19 |    91 |   218 ||   328
       Fire dragon scale |       |       |       |     7 |       ||     7
Dodge: Dodged            |    58 |    73 |   169 |   257 |   491 ||  1048
Block: Other             |    33 |    26 |       |       |    14 ||    73
       Kite shield       |       |       |       |    57 |   522 ||   579
       Reflection        |       |       |       |       |     6 ||     6

Table legend: (Time is in decaauts)
 A = Elapsed time spent in this place.
 B = Non-inter-level travel time spent in this place.
 C = Inter-level travel time spent in this place.
 D = Time resting spent in this place.
 E = Time spent auto-exploring this place.
 F = Levels seen in this place.
 G = Mean time per level.
                   A        B        C        D        E       F      G
               +--------+--------+--------+--------+--------+-----+--------+
         Total |  33525 |  32159 |   1366 |  11847 |  13397 |  23 | 1457.6 |
       Dungeon |  17819 |  16801 |   1018 |   5333 |   8146 |  13 | 1370.7 |
          Lair |  10920 |  10642 |    278 |   4304 |   4031 |   6 | 1820.0 |
  Orcish Mines |   3515 |   3446 |     69 |   1480 |   1107 |   2 | 1757.5 |
      Ice Cave |   1173 |   1173 |      0 |    729 |    102 |   1 | 1173.0 |
      Gauntlet |     97 |     97 |      0 |      0 |     11 |   1 |   97.0 |
               +--------+--------+--------+--------+--------+-----+--------+

Top non-repeatable levels by time:
  Lair:6: 3868 daAuts
     D:4: 2588 daAuts
     D:9: 2218 daAuts
  Lair:4: 2159 daAuts
     D:3: 1935 daAuts
   Orc:2: 1835 daAuts
     D:7: 1750 daAuts
     D:5: 1729 daAuts
   Orc:1: 1680 daAuts
  Lair:1: 1646 daAuts
     D:1: 1645 daAuts
    D:10: 1507 daAuts
  Lair:3: 1499 daAuts
   IceCv: 1173 daAuts
  Lair:5: 1165 daAuts
